 Dungeon Crawl Stone Soup version 0.16.1-28-gcc2312f (webtiles) character file.

2603 MegaPowers the Basher (level 9, -2/63 HPs)
             Began as a Mummy Chaos Knight on May 23, 2015.
             Was a Believer of Kikubaaqudgha.
             Slain by a yak (9 damage)
             ... on level 1 of the Lair of Beasts.
             The game lasted 00:15:48 (7309 turns).

MegaPowers the Basher (Mummy Chaos Knight)          Turns: 7309, Time: 00:15:48

Health: -2/63      AC:  7    Str: 17    XL:     9   Next: 33%
Magic:  9/9        EV: 11    Int: 11    God:    Kikubaaqudgha [**....]
Gold:   392        SH:  0    Dex: 12    Spells: 3 memorised, 3 levels left

rFire  x . .     SeeInvis .     a - +1 mace (chaos)
rCold  + . .     Clarity  .     b - +3 leather armour
rNeg   + + +     SustAb   .     (no shield)
rPois  ∞         Gourm    .     m - +0 helmet
rElec  .         Spirit   .     (no cloak)
rCorr  .         Warding  .     (no gloves)
rMut   .         Stasis   .     (no boots)
MR     +....                    l - amulet of regeneration
Stlth  +.........               (no ring)
                                (no ring)

@: somewhat resistant to hostile enchantments, very unstealthy
A: no food or potions, fire vulnerability, restore body, cold resistance 1,
negative energy resistance 3, poison resistance, torment resistance, unbreathing
a: Receive Corpses, Renounce Religion


You were on level 1 of the Lair of Beasts.
You worshipped Kikubaaqudgha.
Kikubaaqudgha was pleased with you.
You were not hungry.

You visited 2 branches of the dungeon, and saw 11 of its levels.

You collected 392 gold pieces.

Inventory:

Hand weapons
 a - a +1 mace of chaos (weapon)
 d - a +0 mace
 f - a +1 dagger of venom
 g - a +4 hunting sling of flaming
 q - a +0 blowgun
 x - a +0 flail
 D - a +1 whip of freezing
Missiles
 c - 38 stones (quivered)
 k - 29 poisoned needles
 s - 2 throwing nets
Armour
 b - a +3 leather armour (worn)
 m - a +0 helmet (worn)
 r - a +0 ring mail
 C - a +0 plate armour
Jewellery
 l - an amulet of regeneration (around neck)
Magical devices
 h - a wand of disintegration (5)
 i - a wand of frost (28)
 n - a wand of enslavement (9)
 o - a wand of fire (0)
 y - a wand of magic darts (27)
 A - a wand of enslavement (15)
Scrolls
 e - a scroll of amnesia
 p - a scroll of magic mapping
 u - a scroll of immolation
 w - a scroll of random uselessness
 z - 2 scrolls of noise
 B - a scroll of identify
Books
 t - Kikubaaqudgha's Catalogue of Darkness
   (Kikubaaqudgha gifted it to you on level 5 of the Dungeon)

   Spells                             Type                      Level
   a - Animate Skeleton               Necromancy                   1
   b - Pain                           Necromancy                   1
   c - Corpse Rot                     Necromancy                   2
   d - Vampiric Draining              Necromancy                   3
   e - Control Undead                 Necromancy                   4


   Skills:
 - Level 3.0 Fighting
 + Level 9.5 Maces & Flails
 - Level 1.5 Armour
 - Level 0.7 Dodging
 - Level 0.8 Stealth
 + Level 6.4 Necromancy


You had 3 spell levels left.
You knew the following spells:

 Your Spells              Type           Power        Failure   Level  Hunger
a - Animate Skeleton      Necr           N/A          3%          1    N/A
b - Pain                  Necr           ##..         3%          1    N/A
c - Vampiric Draining     Necr           ##........   12%         3    N/A

Dungeon Overview and Level Annotations

Branches:
Dungeon (10/15)            Temple (0/1) D:5            Lair (1/8) D:10
    Orc: D:9-12

Altars:
Ashenzari
Elyvilon
Gozag
Kikubaaqudgha
Ru
Vehumet
Zin
The Shining One

Annotations:
D:7 emiel's ghost, experienced NaWn
D:10 Grum


Innate Abilities, Weirdness & Mutations

You do not eat or drink.
Your flesh is vulnerable to fire.
Your flesh is cold resistant.
You are immune to negative energy.
Your system is resistant to poisons.
You are immune to unholy pain and torment.
You can survive without breathing.


Message History

The rock wall explodes into countless fragments.
Evoking this partially-identified wand wasted a few charges.
The yak closely misses you. The yak barely misses you. The yak gores you.
Unknown command.
You hit the river rat.
The river rat is lightly wounded.
The river rat barely misses you. The yak gores you! The yak gores you!
* * * LOW HITPOINT WARNING * * *
You closely miss the river rat.
The river rat is lightly wounded.
The river rat closely misses you. The yak barely misses you.
The river rat misses you. The yak gores you but does no damage.
You hit the river rat but do no damage. You drain the river rat!
The river rat is heavily wounded.
The yak gores you!
* * * LOW HITPOINT WARNING * * *
The river rat bites you but does no damage.
The yak gores you!
You die...
Kikubaaqudgha rasps: "You have failed me!
Welcome... oblivion!"

#......Y....
#.......Y..
#....Y.....
#.##Y####.#
#.........
#Y#.......
##Y#......
#YY#.......
#@YY......
#rr#r......
##r.##.#.#
#... ..
..... ..
#.....
#......
P..... ...


You could see 6 yaks and 4 river rats.

Vanquished Creatures
  2 hippogriffs
  An ogre (D:5)
  2 orc warriors (D:7)
  2 wasps
  2 necrophages
  2 ice beasts
  A sky beast (D:6)
  A centaur (D:7)
  3 giant frogs
  A wyvern zombie (D:7)
  2 scorpions
  The ghost of WhatIsLove the Grasshopper, a weakling DrWr (D:3)
  4 killer bees (D:7)
  3 crimson imps
  An orc priest (D:4)
  A centaur zombie (D:7)
  3 hounds
  A centaur skeleton (D:5)
  4 orc wizards
  A giant frog skeleton (D:5)
  A gnoll shaman (D:7)
  6 worker ants
  Natasha (thrice) (D:5)
  Terence (D:3)
  4 gnolls (D:7)
  A giant mite (D:5)
  A shadow imp (D:5)
  3 adders (D:2)
  A worm (D:2)
  An adder skeleton (D:7)
  3 giant geckos
  An ooze (D:4)
  20 orcs
  A ball python (D:5)
  18 bats
  A bat skeleton (D:6)
  2 bat zombies (D:4)
  3 giant cockroaches
  9 hobgoblins
  7 jackals
  8 quokkas
  4 giant newts
  15 goblins
  A jackal skeleton (D:4)
  9 kobolds
  A quokka zombie (D:6)
  11 rats
  A rat zombie (D:4)
175 creatures vanquished.

Vanquished Creatures (collateral kills)
  A crimson imp (D:6)
  A worker ant (D:5)
  A shadow imp (D:5)
  An ooze (D:5)
  A hobgoblin (D:6)
  A kobold (D:5)
  A rat (D:6)
7 creatures vanquished.

Vanquished Creatures (others)
  An iguana (D:5)
  2 bat skeletons (D:7)
  A giant newt zombie (D:3)
  A kobold zombie (D:6)
5 creatures vanquished.

Grand Total: 187 creatures vanquished

Notes
Turn   | Place    | Note
--------------------------------------------------------------
     0 | D:1      | MegaPowers, the Mummy Chaos Knight, began the quest for the Orb.
     0 | D:1      | Reached XP level 1. HP: 18/18 MP: 1/1
   272 | D:1      | XOM: divination: detect creatures
   285 | D:1      | Reached XP level 2. HP: 24/24 MP: 2/2
   395 | D:1      | XOM: silly message
   744 | D:2      | Found a sacrificial altar of Ru.
   744 | D:2      | Found a glowing silver altar of Zin.
   745 | D:2      | Found a white marble altar of Elyvilon.
   927 | D:2      | Reached XP level 3. HP: 29/29 MP: 3/3
  1449 | D:2      | Found a glowing golden altar of the Shining One.
  1716 | D:2      | XOM: colour smoke trail
  1935 | D:3      | XOM: enchant monster (bad)
  1941 | D:3      | Reached skill level 4 in Maces & Flails
  1941 | D:3      | Reached XP level 4. HP: 35/35 MP: 4/4
  2046 | D:3      | Noticed Terence
  2056 | D:3      | Killed Terence
  2078 | D:3      | Noticed WhatIsLove's ghost (weakling DrWr)
  2084 | D:3      | XOM: smoke on damage
  2091 | D:3      | Killed WhatIsLove's ghost
  2091 | D:3      | Reached XP level 5. HP: 19/41 MP: 5/5
  2394 | D:3      | Reached skill level 5 in Maces & Flails
  2437 | D:3      | Found a shattered altar of Ashenzari.
  2455 | D:3      | Noticed a necrophage
  2468 | D:3      | Killed a necrophage
  2468 | D:3      | Reached XP level 6. HP: 37/47 MP: 6/6
  2835 | D:4      | Reached skill level 6 in Maces & Flails
  2876 | D:4      | Found an ancient bone altar of Kikubaaqudgha.
  3027 | D:4      | XOM: polymorph goblin -> quokka
  3100 | D:4      | XOM: harmless Ice miscast
  3127 | D:4      | XOM: noise
  3156 | D:4      | Fell from the grace of Xom
  3156 | D:4      | Became a worshipper of Kikubaaqudgha
  3274 | D:4      | Reached XP level 7. HP: 52/52 MP: 7/7
  3466 | D:5      | Entered Level 5 of the Dungeon
  3623 | D:5      | Noticed Natasha
  3646 | D:4      | Reached skill level 7 in Maces & Flails
  3689 | D:5      | Killed Natasha
  3782 | D:5      | Noticed Natasha
  3789 | D:5      | Killed Natasha
  3789 | D:5      | Acquired Kikubaaqudgha's first power
  3789 | D:5      | Received a gift from Kikubaaqudgha
  3801 | D:5      | Identified Kikubaaqudgha's Catalogue of Darkness (Kikubaaqudgha gifted it to you on level 5 of the Dungeon)
  3804 | D:5      | Learned a level 1 spell: Animate Skeleton
  3806 | D:5      | Learned a level 1 spell: Pain
  3887 | D:5      | Noticed Natasha
  3889 | D:5      | Killed Natasha
  3924 | D:5      | Reached skill level 1 in Necromancy
  3988 | D:5      | Reached XP level 8. HP: 53/58 MP: 8/8
  4015 | D:5      | Found a staircase to the Ecumenical Temple.
  4270 | D:6      | Reached skill level 8 in Maces & Flails
  4433 | D:6      | Found a white marble altar of Elyvilon.
  4716 | D:6      | Found an opulent altar of Gozag.
  4846 | D:6      | Found a radiant altar of Vehumet.
  4942 | D:6      | XOM: polymorph hobgoblin -> worker ant
  5083 | D:6      | XOM: medium Erth miscast
  5416 | D:6      | XOM: summons 5 hostile shadow creatures
  5559 | D:7      | Reached skill level 5 in Necromancy
  5631 | D:7      | XOM: medium Pois miscast
  5707 | D:7      | Reached skill level 9 in Maces & Flails
  5720 | D:7      | Reached XP level 9. HP: 29/63 MP: 9/9
  5944 | D:7      | XOM: noise
  5965 | D:7      | Acquired Kikubaaqudgha's second power
  5982 | D:7      | Learned a level 3 spell: Vampiric Draining
  6424 | D:7      | Noticed emiel's ghost (experienced NaWn)
  6444 | D:7      | XOM: noise
  6741 | D:7      | HP: 3/63 [orc warrior/trident (14)]
  6844 | D:7      | XOM: noise
  7031 | D:7      | XOM: summons 2 hostile shadow creatures
  7089 | D:8      | XOM: 1-stop teleportation journey
  7137 | D:10     | Entered Level 10 of the Dungeon
  7137 | D:10     | Noticed a seven-headed hydra
  7151 | D:10     | Noticed Grum
  7166 | D:10     | Found a staircase to the Lair.
  7175 | Lair:1   | Entered Level 1 of the Lair of Beasts
  7309 | Lair:1   | Slain by a yak

Action                   |  1- 3 |  4- 6 |  7- 9 || total
-------------------------+-------+-------+-------++-------
Melee: Mace              |   113 |   177 |   404 ||   694
 Fire: Blowgun           |       |       |     1 ||     1
 Cast: Animate Skeleton  |       |       |     4 ||     4
Evoke: Wand              |       |       |     7 ||     7
  Use: Scroll            |     4 |     2 |    10 ||    16
 Stab: Confused          |     1 |       |     1 ||     2
       Paralysed         |     1 |     1 |     3 ||     5
       Distracted        |       |       |     1 ||     1
